Map: Acid Plant LE

Players

DnS - Winner!

  • Race: Protoss Protoss
  • Spawn Location: 11:00

Clem

  • Race: Terran Terran
  • Spawn Location: 5:00

Event: WCS Montreal 2018

VOD

Have the link to the VOD?

Description

Time

  • Played on: Sept. 7, 2018, 4:08 p.m.
  • Length: 14:58

All games in this series

Show
View Real Time Build Order
Export as new Build Order

DnS Protoss - Winner!

Build Orders: Oracle Opening 

Get SALT Encoding   

  12  0:00  Probe  
  13  0:12  Probe  
  14  0:17  Pylon  
  14  0:24  Probe  
  15  0:37  Probe  
  15  0:38  Gateway  
  16  0:46  Pylon  
  16  0:49  Probe  
  17  0:55  Assimilator  
  17  1:01  Probe  
  18  1:08  Gateway  
  18  1:13  Probe  
  20  1:25  Probe  
  20  1:26  Cybernetics Core  
  20  1:33  Zealot  
  20  1:38  Probe  
  23  1:47  Assimilator  
  23  1:51  Probe  
  23  1:54  Stalker  
  24  2:03  Stalker  
  24  2:05  Probe  
  29  2:16  Stalker  
  29  2:17  Pylon  
  29  2:18  Warp Gate  
  31  2:35  Stalker  
  31  2:58  Stargate  
  31  3:09  Stalker  
  31  3:24  Stalker  
  33  3:29  Nexus  
  33  3:31  Probe  
  34  3:38  Oracle  
  34  3:49  Probe  
  38  4:01  Probe  
  38  4:02  Pylon  
  39  4:06  Gateway  
  39  4:09  Gateway  
  39  4:12  Oracle  
  39  4:20  Probe  
  43  4:33  Shield Battery  
  43  4:35  Probe  
  44  4:41  Phoenix, Probe  
  45  4:47  Probe  
  48  4:54  Probe  
  48  4:55  Stalker  
  51  5:01  Probe  
  51  5:03  Stalker  
  51  5:06  Probe  
  55  5:11  Phoenix  
  57  5:15  Probe  
  57  5:18  Probe  
  59  5:25  Stalker  
  61  5:31  Pylon, Probe  
  61  5:33  Pylon  
  62  5:45  Phoenix  
  62  5:49  Probe x2  
  66  5:50  Pylon  
  62  6:01  Probe x2  
  64  6:04  Phoenix  
  66  6:13  Probe  
  66  6:14  Nexus  
  67  6:24  Probe  
  68  6:25  Assimilator, Probe  
  68  6:26  Assimilator  
  68  6:27  Twilight Council  
  68  6:29  Forge  
  69  6:36  Protoss Ground Armor Level 1, Probe, Charge  
  70  6:42  Phoenix  
  70  6:44  Probe  
  73  6:48  Probe  
  73  6:52  Pylon  
  74  6:54  Gateway  
  74  6:55  Gateway x2  
  74  6:57  Probe  
  74  7:00  Probe  
  76  7:09  Probe  
  76  7:10  Sentry  
  76  7:12  Probe  
  80  7:19  Gateway  
  80  7:21  Probe  
  81  7:24  Gateway  
  81  7:26  Sentry  
  81  7:27  Probe, Zealot  
  86  7:30  Probe  
  86  7:34  Pylon  
  86  7:35  Probe  
  88  7:37  Zealot  
  88  7:43  Phoenix  
  92  7:45  Probe x2  
  94  7:53  Sentry  
  94  7:54  Zealot x3  
  94  7:56  Probe  
  94  7:57  Probe  
  104  7:59  Pylon  
  104  8:03  Phoenix  
  104  8:04  Protoss Ground Armor Level 2  
  104  8:07  Zealot x2  
  106  8:19  Zealot x5  
  116  8:23  Pylon  
  116  8:30  Zealot x3  
  122  8:36  Phoenix  
  124  8:44  Robotics Facility  
  124  8:47  Pylon  
  124  8:49  Pylon  
  124  8:58  Probe x2  
  126  9:08  Probe  
  126  9:09  Assimilator  
  127  9:12  Probe  
  127  9:13  Probe, Zealot x5, Assimilator  
  127  9:14  Zealot x2  
  143  9:22  Pylon  
  143  9:24  Pylon, Probe x2  
  145  9:25  Probe  
  146  9:39  Robotics Bay  
  146  9:40  Observer  
  146  9:51  Pylon x2, Zealot  
  146  9:52  Blink, Zealot x4  
  157  10:10  Pylon  
  157  10:11  Pylon  
  157  10:12  Pylon  
  157  10:14  Protoss Ground Weapons Level 1  
  155  10:17  Colossus  
  151  10:37  Zealot x5  
  151  10:38  Zealot x3  
  164  11:01  Colossus  
  116  11:04  Zealot  
  116  11:05  Zealot x7  
  120  11:25  Zealot x8  
  116  11:28  Extended Thermal Lance  
  118  11:39  Protoss Ground Weapons Level 2  
  112  11:46  Zealot x3  
  112  11:47  Zealot x6  
  118  12:03  Templar Archives  
  118  12:06  Colossus  
  118  12:09  Nexus  
  118  12:12  Sentry x3  
  118  12:13  Stalker  
  128  12:31  Stalker x5  
  128  12:41  High Templar x4  
  136  12:45  Archon  
  136  12:48  Archon  
  133  12:52  Warp Prism  
  133  12:59  High Templar x3, Nexus  
  133  13:00  High Templar  
  133  13:01  Stalker  
  133  13:04  Archon  
  145  13:06  Archon  
  145  13:07  Pylon  
  145  13:09  Probe x3  
  148  13:18  High Templar x3  
  148  13:19  High Templar  
  156  13:22  Archon x2, Photon Cannon  
  156  13:31  Stalker  
  156  13:32  Stalker x3  
  164  13:36  Zealot  
  164  13:51  Stalker x4  
  166  14:11  Zealot x5  
  166  14:14  Zealot x4  
Show
View Real Time Build Order
Export as new Build Order

Clem Terran 

Build Orders: Reaper Expand, MMM Bio 

Get SALT Encoding   

  12  0:00  SCV  
  13  0:12  SCV  
  14  0:17  Supply Depot  
  14  0:26  SCV  
  15  0:38  SCV  
  15  0:40  Barracks  
  16  0:45  Refinery  
  16  0:51  SCV  
  17  1:03  SCV  
  18  1:15  SCV  
  19  1:28  Reaper, Orbital Command  
  20  1:45  Command Center  
  20  1:55  SCV  
  20  1:59  Supply Depot  
  20  2:00  Marine  
  22  2:08  SCV, Factory  
  23  2:16  Refinery  
  23  2:20  SCV, Marine  
  25  2:29  Barracks  
  25  2:34  Bunker  
  25  2:37  SCV  
  25  2:40  Marine  
  26  2:46  Command Center  
  25  2:52  SCV  
  25  2:58  Marine  
  26  3:07  Cyclone  
  29  3:12  Supply Depot  
  29  3:17  Marine  
  29  3:18  Marine  
  30  3:25  SCV  
  31  3:30  Starport  
  31  3:37  SCV  
  31  3:39  Marine x2  
  34  3:47  Supply Depot  
  34  3:50  Factory Tech Lab  
  34  3:57  Marine x2  
  34  3:58  SCV  
  36  4:06  Orbital Command  
  36  4:12  SCV  
  40  4:24  Factory Tech Lab  
  40  4:28  SCV  
  40  4:31  Raven  
  37  4:32  SCV  
  37  4:40  Engineering Bay, SCV  
  37  4:44  SCV  
  39  4:46  Siege Tank  
  39  4:50  Marine x2  
  44  4:53  SCV  
  45  5:01  Orbital Command  
  45  5:05  SCV  
  46  5:09  Missile Turret  
  46  5:10  Barracks Reactor  
  46  5:17  SCV  
  47  5:21  Marine  
  47  5:23  Starport Reactor  
  47  5:27  SCV  
  49  5:29  SCV  
  49  5:31  Stimpack  
  49  5:32  Siege Tank  
  53  5:37  Barracks  
  53  5:39  SCV  
  53  5:41  SCV  
  54  5:48  Terran Infantry Weapons Level 1  
  54  5:49  Marine  
  54  5:52  SCV  
  54  5:53  SCV  
  55  6:04  Marauder, SCV  
  56  6:05  SCV  
  59  6:11  Missile Turret  
  59  6:13  Supply Depot  
  59  6:16  SCV, Marine x2  
  59  6:17  SCV, Factory Reactor  
  62  6:34  SCV x2, Marine  
  62  6:35  Marauder  
  62  6:36  Refinery  
  62  6:37  Supply Depot  
  62  6:38  Marine  
  67  6:47  SCV x2  
  67  6:52  Barracks, Marine  
  67  6:53  Barracks, Combat Shields  
  68  6:57  Marine x2  
  68  6:59  SCV x2, Marine  
  73  7:04  Supply Depot  
  77  7:08  Widow Mine x2  
  77  7:11  SCV  
  77  7:14  Supply Depot  
  78  7:25  Medivac, Marine x2  
  78  7:26  Marauder, SCV x2, Supply Depot  
  86  7:34  Refinery  
  86  7:35  Supply Depot  
  86  7:36  Medivac, Marauder, Widow Mine x2  
  94  7:43  Barracks Reactor, Barracks Tech Lab  
  94  7:44  Supply Depot  
  94  7:48  SCV x2  
  94  7:49  Marauder  
  94  7:50  Marine x2  
  100  7:58  Medivac  
  102  8:00  SCV, Terran Infantry Armor Level 1  
  102  8:01  Marine, Supply Depot  
  102  8:02  Marine  
  105  8:08  Marine  
  105  8:10  Marine  
  105  8:11  Marauder  
  105  8:12  Widow Mine  
  111  8:14  Medivac  
  111  8:17  Concussive Shells  
  111  8:19  Widow Mine  
  115  8:22  Marine  
  115  8:23  Marine, Supply Depot  
  115  8:25  Marine  
  118  8:28  Marauder  
  120  8:38  Command Center  
  120  8:44  Widow Mine x2  
  124  8:48  Marine  
  124  8:49  Marine x3, Supply Depot  
  124  8:55  Supply Depot  
  128  8:58  Marauder x2  
  132  9:09  Marine x2  
  134  9:10  Supply Depot  
  134  9:11  Widow Mine x2  
  134  9:14  Marauder  
  139  9:19  Marine x2, Supply Depot  
  139  9:23  Marauder, Marine  
  143  9:31  Supply Depot  
  142  9:33  Widow Mine  
  142  9:35  Widow Mine  
  143  9:38  Marauder  
  143  9:39  Marine  
  143  9:41  Marine  
  143  9:43  Marine  
  143  9:45  Marine  
  147  9:54  Widow Mine  
  147  9:55  Marauder x2  
  153  10:00  Medivac  
  153  10:03  Widow Mine  
  153  10:05  Marine  
  153  10:06  Marauder  
  152  10:15  Marine  
  152  10:16  Marauder, Marine x2  
  157  10:26  Supply Depot  
  156  10:33  Widow Mine  
  156  10:34  Marauder x2  
  156  10:35  Marine  
  153  10:38  Marauder  
  153  10:41  Orbital Command  
  155  10:44  SCV  
  156  10:53  SCV  
  156  10:54  Marine  
  156  10:55  Marauder  
  156  10:56  SCV  
  161  11:04  Widow Mine  
  124  11:05  Medivac  
  124  11:06  Marauder, Widow Mine, Marine  
  121  11:12  Medivac  
  121  11:13  Marauder  
  123  11:18  Marine  
  123  11:19  Marine x2  
  123  11:25  Widow Mine  
  113  11:26  Marauder  
  113  11:31  Marine  
  114  11:34  Widow Mine  
  114  11:35  Medivac, Marine  
  114  11:36  Marine  
  114  11:37  Marine  
  112  11:42  Medivac  
  112  11:46  Marine  
  109  11:47  Marauder  
  95  11:56  Marine x3  
  95  11:57  Marauder x2  
  102  12:05  Medivac  
  102  12:07  Liberator, Armory  
  104  12:08  Engineering Bay  
  104  12:15  Marine x3  
  104  12:16  Marine  
  104  12:17  Marauder, Widow Mine  
  104  12:18  Marine  
  104  12:22  Widow Mine  
  116  12:37  Marine x4  
  102  12:38  Marauder, Widow Mine  
  102  12:43  Widow Mine  
  112  12:46  Marauder x2  
  116  12:58  Liberator x2  
  116  12:59  Widow Mine  
  116  13:02  Marine  
  116  13:03  Marine x2  
  121  13:06  Marauder  
  122  13:18  Marauder, Marine x2  
  132  13:21  Marine x2  
  132  13:23  Widow Mine  
  132  13:26  Widow Mine  
  138  13:30  Marauder  
  138  13:33  Marine  
  141  13:37  Marine, Supply Depot  
  141  13:38  Marauder  
  144  13:42  Marine x2  
  144  13:46  Marauder  
  144  13:47  Liberator  
  144  13:50  Supply Depot  
  144  13:51  Marauder, Liberator, Marine  
  144  13:55  Widow Mine  
  149  13:56  Marine  
  149  13:59  Marauder  
  149  14:00  Marine  
  149  14:01  Marine  
  146  14:08  Marauder  
  148  14:13  Widow Mine  
  148  14:16  Marauder, Marine  
  151  14:19  Marine  
  151  14:20  Marauder  
  143  14:26  Widow Mine  
  143  14:27  Marine  
  143  14:29  Marauder  
  127  14:36  Widow Mine  
  127  14:37  Marine  
Tags
 
Add a new tag
Caveats
  • Supply blocks, unpowered buildings, or Contaminate may cause inaccurate times.
  • Supply counts are checked every 10 seconds.